 Dungeon Crawl Stone Soup version 0.27-a0-1139-g28e009f8a6 (webtiles) character file.

Game seed: 7600346434800924867

147 jestyr24 the Caller (level 5, -1/35 HPs)
             Began as a Merfolk Summoner on May 7, 2021.
             Slain by a black bear (9 damage)
             ... on level 4 of the Dungeon.
             The game lasted 00:21:35 (3955 turns).

jestyr24 the Caller (Merfolk Summoner)              Turns: 3955, Time: 00:21:36

Health: -1/35      AC:  3    Str:  8    XL:     5   Next: 29%
Magic:  4/9        EV: 28    Int: 16    God:
Gold:   148        SH:  0    Dex: 14    Spells: 7/10 levels left

rFire    . . .     SeeInvis .   j - +2 flail (drain)
rCold    . . .     Faith    .   (no shield)
rNeg     + . .     Spirit   .   a - +0 robe
rPois    .         Reflect  .   (no helmet)
rElec    .         Harm     .   (no cloak)
rCorr    .         Rampage  .   i - +0 pair of gloves
Will     +....                  (no boots)
Stlth    ++........             o - amulet of the acrobat
HPRegen  0.11/turn              g - ring of willpower
MPRegen  0.11/turn              c - ring of positive energy

@: acrobatic
A: (nimble swimmer 2), mertail
a: no special abilities


You were on level 4 of the Dungeon.
You visited 1 branch of the dungeon, and saw 4 of its levels.

You collected 148 gold pieces.

Inventory:

Hand Weapons
 j - a +2 flail of draining (weapon)
 m - a +0 spear
Armour
 a - a +0 robe (worn)
 h - a +2 leather armour of fire resistance
 i - a +0 pair of gloves (worn)
Magical Staves
 f - a staff of conjuration
Jewellery
 c - a ring of positive energy (right hand)
 g - a ring of willpower (left hand)
 o - an amulet of the acrobat (around neck)
Wands
 k - a wand of iceblast (17)
Scrolls
 d - a scroll of magic mapping
 l - a scroll of holy word {unknown}
 p - a scroll of teleportation
Potions
 b - 2 potions of curing
 e - 2 potions of brilliance
 n - 3 potions of might
 q - a potion of cancellation {unknown}


   Skills:
 + Level 0.2 Fighting
 + Level 3.2 Dodging
 - Level 2.1 Stealth
 + Level 3.2 Spellcasting
 * Level 5.4 Summonings


You had 7 spell levels left.
You knew the following spells:

 Your Spells              Type           Power      Damage    Failure   Level
a - Summon Small Mammal   Summ           80%        N/A       1%          1
b - Call Imp              Summ           20%        N/A       3%          2

Your spell library contained the following spells:

 Spells                   Type           Power      Damage    Failure   Level
 Call Canine Familiar     Summ           20%        N/A       6%          3
 Animate Skeleton         Necr           4%         N/A       19%         1
 Apportation              Tloc           4%         N/A       19%         1
 Corona                   Hex            2%         N/A       19%         1
 Summon Guardian Golem    Hex/Summ       11%        N/A       19%         3
 Summon Ice Beast         Ice/Summ       11%        N/A       52%         4
 Summon Lightning Spire   Summ/Air       11%        N/A       52%         4


Dungeon Overview and Level Annotations

Branches:
Dungeon (4/15)
 Temple: D:4-7

Altars:


Innate Abilities, Weirdness & Mutations

((You are quick and stealthy near water. (Stealth+, EV+, Speed+++)))
Your lower body shifts to a powerful aquatic tail in water.


Message History

Aim: a black bear (lightly wounded, ally target) Attack!
You sock the black bear!
The black bear is moderately wounded.
Your crimson imp disappears in a puff of smoke!
The black bear closely misses you. The black bear completely misses you.
The black bear claws you.
Your crimson imp hits the black bear.
Your rat barely misses the black bear.
The black bear closely misses you. The black bear misses you. x2
You hit the black bear but do no damage.
The black bear is heavily wounded.
Your crimson imp barely misses the black bear.
The black bear bites you. The black bear claws you.
The black bear barely misses you.
Your rat barely misses the black bear.
Your magical contamination has completely faded away.
You hit the black bear.
The black bear is heavily wounded.
Your crimson imp hits the black bear but does no damage.
The black bear barely misses you.
The black bear claws you but does no damage.
The black bear closely misses you.
Your rat closely misses the black bear.
Your crimson imp completely misses the black bear.
You hit the black bear. You drain the black bear.
The black bear is almost dead.
Your rat closely misses the black bear.
The black bear goes berserk!
Your crimson imp hits the black bear.
Your rat bites the black bear.
The black bear bites you. The black bear claws you. x2
You closely miss the black bear.
The black bear is almost dead.
The black bear barely misses you. The black bear claws you. x2
Your crimson imp hits the black bear but does no damage.
Your rat completely misses the black bear.
The black bear bites you!
* * * LOW HITPOINT WARNING * * *
The black bear claws you but does no damage.
The black bear misses you.
Your crimson imp closely misses the black bear.
Your rat disappears in a puff of smoke!
The black bear bites you!
You die...

#..........##
#
##..<......##
##
#..........#
##.
##.........#
##..
##........#
#...
#..)....^#
##..
##.......#
##.
##......## ##
##...#@.# #
#.###h.#
#####..##
#.5ยง.#
#....##
#.....#
#.....#
#......#
#.......#


You could see a black bear (berserk, drained, ally target) and a friendly
crimson imp (summoned).

Vanquished Creatures
  Jessica (D:3)
  A gnoll (D:4)
  A worm (D:3)
  A dart slug (D:4)
  2 ball pythons
  3 endoplasms
  A giant cockroach (D:2)
  3 goblins (D:3)
  3 hobgoblins
  A bat (D:2)
  A frilled lizard (D:1)
  3 kobolds
  3 rats
24 creatures vanquished.

Vanquished Creatures (collateral kills)
  An ice beast (D:4)
  Ijyb (D:3)
  A hound skeleton (D:4)
  2 gnolls (D:4)
  An adder (D:3)
  2 worms
  3 endoplasms
  2 goblins
  A hobgoblin (D:4)
  3 jackals (D:3)
  2 kobolds
  A ball python (D:1)
  A bat (D:3)
21 creatures vanquished.

Grand Total: 45 creatures vanquished

Notes
Turn   | Place    | Note
-------+----------+-------------------------------------------
     0 | D:1      | jestyr24 the Merfolk Summoner began the quest for the Orb.
     0 | D:1      | Reached XP level 1. HP: 13/13 MP: 3/3
   301 | D:1      | Found a faded altar of an unknown god.
   503 | D:1      | Reached XP level 2. HP: 18/19 MP: 5/5
  1136 | D:2      | Learned a level 2 spell: Call Imp
  1885 | D:3      | Noticed Jessica
  1967 | D:3      | Killed Jessica
  1968 | D:3      | Reached XP level 3. HP: 3/24 MP: 2/6
  2565 | D:3      | Noticed Ijyb
  2801 | D:3      | Killed Ijyb
  2802 | D:3      | Reached skill level 5 in Summonings
  2901 | D:3      | Reached XP level 4. HP: 27/30 MP: 4/7
  3679 | D:4      | Noticed an ice beast
  3704 | D:4      | Killed an ice beast
  3705 | D:4      | Reached XP level 5. HP: 35/35 MP: 2/9
  3938 | D:4      | Noticed a black bear
  3955 | D:4      | Slain by a black bear

Illustrated notes

Levels and vault maps discovered:
D:1:      minmay_arrival_nine_rooms, layout_loops_ring,
          ebering_ecumenical_altar_ruins, serial_rivers,
          chequers_serial_rivers_micro_b, chequers_serial_rivers_micro_c,
          chequers_serial_rivers_micro_e, chequers_serial_rivers_large_a,
          kennysheep_small_spiral, kennysheep_nondescript
D:2:      layout_basic, serial_corexii_hall, corexii_hall_statues_l,
          chequers_hall_statues_wall_a, corexii_hall_statues_u,
          minmay_misc_feat_roman
D:3:      layout_basic, uniq_ijyb, uniq_jessica
D:4:      layout_cave_pods

Skill      XL: |  1  2  3  4 |
---------------+-------------+-----
Dodging        | 3 |  3.2
Summonings     | 5 |  5.4
Spellcasting   | 3 |  3.2
Fighting       | |  0.2
Stealth        | |  2.1

Action                   |  1- 3 |  4- 6 || total
-------------------------+-------+-------++-------
Melee: Long sword        |    19 |       ||    19
       Flail             |    27 |    13 ||    40
 Cast: Summon Small Mamm |    11 |     1 ||    12
       Call Imp          |    15 |    21 ||    36
  Use: Scroll            |     2 |     5 ||     7
 Stab: Sleeping          |     3 |     1 ||     4
Armor: Robe              |    10 |     6 ||    16
Dodge: Dodged            |    27 |    22 ||    49
       Rpst.: Long sword |     5 |       ||     5

Table legend: (Time is in decaauts)
 A = Elapsed time spent in this place.
 B = Non-inter-level travel time spent in this place.
 C = Inter-level travel time spent in this place.
 D = Time resting spent in this place.
 E = Time spent auto-exploring this place.
 F = Levels seen in this place.
 G = Mean time per level.
                   A        B        C        D        E       F      G
               +--------+--------+--------+--------+--------+-----+--------+
         Total |   3962 |   3900 |     62 |    737 |   2214 |   4 |  990.5 |
       Dungeon |   3962 |   3900 |     62 |    737 |   2214 |   4 |  990.5 |
               +--------+--------+--------+--------+--------+-----+--------+

Top non-repeatable levels by time:
     D:2: 1299 daAuts
     D:1: 1054 daAuts
     D:3: 1034 daAuts
     D:4: 573 daAuts
